 Dungeon Crawl Stone Soup version 0.29.0-4-gdea44cf6ec (webtiles) character file.

Game seed: 409401246895584946

662 qw the Cleaver (level 7, -12/56 HPs)
             Began as a Barachi Chaos Knight on Sept 5, 2022.
             Mangled by a chaos spawn (15 damage)
             ... summoned by Xom
             ... on level 6 of the Dungeon.
             The game lasted 00:02:12 (7129 turns).

qw the Cleaver (Barachi Chaos Knight)               Turns: 7129, Time: 00:02:13

Health: -12/56     AC:  9    Str: 19    XL:     7   Next: 56%
Magic:  7/7        EV:  7    Int: 11    God:
Gold:   350        SH:  0    Dex:  9    Spells: 6/6 levels left

rFire   . . .      SeeInvis .   Y - +1 hand axe (elec)
rCold   + . .      Faith    .   (no shield)
rNeg    . . .      Spirit   .   b - +0 chain mail
rPois   .          Reflect  .   (no helmet)
rElec   .          Harm     .   (no cloak)
rCorr   .          Rampage  .   (no gloves)
Will    .....                   (no boots)
Stlth   ..........              (no amulet)
HPRegen 0.18/turn               q - +6 ring of strength
MPRegen 0.10/turn               (no ring)

@: unable to read, slow
A: amphibious, slowness 1, strong legs 1, +LOS, clumsy 1, cold resistance 1,
dopey 1, weak 1, inability to read after injury 2
a: Hop


You were on level 6 of the Dungeon.
You visited 1 branch of the dungeon, and saw 6 of its levels.

You collected 350 gold pieces.


Innate Abilities, Weirdness & Mutations

You are amphibious.
You cover ground slowly.
You can hop short distances.
You have an extended range of vision and can be seen from far away.
You are clumsy. (Dex -2)
Your flesh is cold resistant. (rC+)
You are dopey. (Int -2)
You are weak. (Str -2)
You sometimes lose the ability to read scrolls when taking damage.


   Skills:
 - Level 5.1 Fighting
 + Level 8.1 Axes
 - Level 2.1 Throwing
 - Level 3.1 Armour
 - Level 1.1 Dodging


You had 6 spell levels left.
You didn't know any spells.
Your spell library was empty.

Inventory:

Hand Weapons
 e - a +4 whip
 Y - a +1 hand axe of electrocution (weapon)
Missiles
 a - 5 boomerangs
 l - a javelin (quivered)
Armour
 b - a +0 chain mail (worn)
Jewellery
 q - a +6 ring of strength (left hand)
Scrolls
 h - a scroll of teleportation
 r - a scroll of identify
Potions
 f - a potion of degeneration {unknown}
 g - 2 potions of curing
 j - a potion of resistance {unknown}
 k - a potion of haste
 m - a potion of mutation {unknown}
 p - a potion of cancellation {unknown}
Miscellaneous
 c - a piece from Xom's chessboard (15/15)

Dungeon Overview and Level Annotations

Branches:
Dungeon (6/15)
 Temple: D:4-7

Altars:
Ashenzari
Cheibriados
Nemelex Xobeh
Xom
The Shining One


Message History

You hit the shadow.
The shadow is heavily damaged.
You barely miss the white imp. x2; You hit the ice beast.
The crimson imp blinks!
You hit the shadow but do no damage.
The shadow is heavily damaged.
You closely miss the chaos spawn. You closely miss the ice devil.
You hit the ice beast. The shadow hits you!
You feel threatened and lose the ability to read scrolls!
The ice beast hits you but does no damage.
The white imp lashes its tail.
You hit the shadow.
The shadow is severely damaged.
You hit the chaos spawn. You hit the ice devil but do no damage.
You barely miss the ice beast. The ice beast hits you.
The ice beast freezes you. You resist.
The shadow slips into darkness.
The shadow flickers and vanishes!
Deactivating autopickup; reactivate with Ctrl-A.
The ice devil barely misses you.
The chaos spawn hits you but does no damage.
The white imp shouts, "Begone, thou venomed roguish scut!"
You closely miss the ice beast.
The ice beast is heavily wounded.
You hit something but do no damage. You closely miss the ice devil.
You hit the chaos spawn but do no damage.
The shadow strikes at you from the darkness!
Reactivating autopickup.
The ice beast hits you but does no damage.
The ice devil barely misses you. The chaos spawn closely misses you.
You hit the shadow but do no damage.
The shadow is severely damaged.
You completely miss the ice devil. You barely miss the ice beast.
You hit the chaos spawn. The shadow hits you.
The ice beast hits you but does no damage.
The ice devil hits you. The ice devil freezes you! You resist.
The chaos spawn hits you!
You die...

..# #.# .# ....
..#######.### .##.#.#
.......##...####......
.#####.##.......[....
.#####.#............
....##....#.....#...
....##....#.###.#5###.#
...>##....#...54#45K.(#
....##.#.....#5Y@W5#
....##.......#.###5#
...<##.......#.5...#
....#######.....#...YO#
.#### #.....# ###$#
)###### #.#...# ......#
#.##... #####.# #. #...
#.# ##...


You could see an ice devil (summoned), a chaos spawn (summoned), an ice beast, a
kobold brigand, a shadow, an iron imp (summoned), a quasit (summoned), 3 white
imps and an ufetubus (summoned).

Vanquished Creatures
  A black bear (D:5)
  An ogre (D:5)
  2 centaurs
  A scorpion (D:5)
  A hound (D:4)
  2 jellies (D:5)
  9 adders
  A shadow imp (D:5)
  3 worms
  3 dart slugs
  3 orcs (D:3)
  6 ball pythons
  2 bats (D:1)
  10 endoplasms
  8 goblins
  5 hobgoblins
  5 jackals
  5 quokkas
  2 frilled lizards
  8 kobolds
  5 rats
83 creatures vanquished.

Vanquished Creatures (others)
  A plant (D:2)
1 creature vanquished.

Grand Total: 84 creatures vanquished

Notes
Turn   | Place    | Note
-------+----------+-------------------------------------------
     0 | D:1      | qw the Barachi Chaos Knight began the quest for the Orb.
     0 | D:1      | Reached XP level 1. HP: 18/18 MP: 1/1
     0 | D:1      | 0 ||| qw: Version: 0.1-a-104-g96f76f8
     0 | D:1      | 0 ||| qw: Game counter: 5952
     0 | D:1      | 0 ||| qw: Always use a shield: true
     0 | D:1      | 0 ||| qw: God list: Okawaru
     0 | D:1      | 0 ||| qw: Allow faded altars: false
     0 | D:1      | 0 ||| qw: Do Orc after D:15 true
     0 | D:1      | 0 ||| qw: Do second Lair branch before Depths: true
     0 | D:1      | 0 ||| qw: Lair rune preference: random
     0 | D:1      | 0 ||| qw: Plans: Normal
     0 | D:1      | 0 ||| PLANNING D:1-11
     0 | D:1      | Fell from the grace of Xom
    30 | D:1      | HP: 4/18 [something (4)]
    99 | D:1      | 99 ||| Stepping ~*~*~tactically~*~*~ (stealth).
   111 | D:1      | 111 ||| Stepping ~*~*~tactically~*~*~ (stealth).
   180 | D:1      | 180 ||| Stepping ~*~*~tactically~*~*~ (stealth).
   260 | D:1      | 260 ||| Stepping ~*~*~tactically~*~*~ (stealth).
   441 | D:1      | Reached XP level 2. HP: 24/24 MP: 2/2
   463 | D:1      | Reached skill level 4 in Axes
   616 | D:1      | 616 ||| Stepping ~*~*~tactically~*~*~ (stealth).
   618 | D:1      | 618 ||| Stepping ~*~*~tactically~*~*~ (stealth).
   646 | D:1      | 646 ||| Stepping ~*~*~tactically~*~*~ (stealth).
   812 | D:1      | 812 ||| Stepping ~*~*~tactically~*~*~ (stealth).
   814 | D:1      | 814 ||| Stepping ~*~*~tactically~*~*~ (stealth).
   830 | D:1      | Reached XP level 3. HP: 25/29 MP: 3/3
  1069 | D:1      | XOM: torment (16/29 hp)
  1096 | D:1      | XOM: give mutation
  1096 | D:1      | Gained mutation: You occasionally lose the ability to read
                  | scrolls when taking damage. [Xom's mischief]
  1382 | D:1      | 1382 ||| UPGRADING to +0 scale mail.
  1392 | D:1      | 1392 ||| DROPPING +2 leather armour.
  1393 | D:1      | 1393 ||| READING scroll labelled TAATTU LU JOE.
  1394 | D:1      | 1394 ||| READING scroll labelled SYKAUR GAFY.
  1395 | D:1      | 1395 ||| READING scroll labelled LUUNLY TUNIEHUSCHO.
  1396 | D:1      | 1396 ||| READING scroll labelled GYN MIOXEUXA.
  1492 | D:2      | XOM: give mutations
  1492 | D:2      | Gained mutation: Armour fits poorly on your strangely
                  | shaped body. [Xom's mischief]
  1492 | D:2      | Gained mutation: You are dopey. (Int -2) [Xom's mischief]
  1492 | D:2      | Gained mutation: You sometimes lose the ability to read
                  | scrolls when taking damage. [Xom's mischief]
  1492 | D:2      | Gained mutation: You are clumsy. (Dex -2) [Xom's mischief]
  1719 | D:2      | Reached skill level 5 in Axes
  1728 | D:2      | 1728 ||| FLEEEEING.
  1729 | D:2      | 1729 ||| FLEEEEING.
  1732 | D:2      | 1732 ||| FLEEEEING.
  1733 | D:2      | 1733 ||| FLEEEEING.
  1739 | D:2      | 1739 ||| Stepping ~*~*~tactically~*~*~ (hiding).
  2066 | D:2      | Reached XP level 4. HP: 17/36 MP: 4/4
  2255 | D:2      | HP: 9/36 [poisoned by an adder]
  2504 | D:2      | XOM: give mutation
  2504 | D:2      | Gained mutation: You passively map a small area around you.
                  | [Xom's mischief]
  2592 | D:2      | XOM: scenery: create altars
  2610 | D:2      | XOM: chaos cloud
  2611 | D:2      | 2611 ||| Stepping ~*~*~tactically~*~*~ (cloud).
  2616 | D:2      | 2616 ||| Stepping ~*~*~tactically~*~*~ (cloud).
  2803 | D:2      | 2803 ||| READING scroll labelled ZAPNEU BAEBE.
  2904 | D:2      | 2904 ||| READING scroll labelled OKKEURHODY.
  2905 | D:2      | 2905 ||| READING scroll labelled ISAARO MECYW.
  2906 | D:2      | 2906 ||| DRINKING 2 clear potions.
  2919 | D:3      | 2919 ||| Stepping ~*~*~tactically~*~*~ (stealth).
  3061 | D:3      | 3061 ||| Stepping ~*~*~tactically~*~*~ (hiding).
  3165 | D:3      | 3165 ||| Stepping ~*~*~tactically~*~*~ (stealth).
  3166 | D:3      | 3166 ||| Stepping ~*~*~tactically~*~*~ (stealth).
  3167 | D:3      | 3167 ||| Stepping ~*~*~tactically~*~*~ (stealth).
  3168 | D:3      | 3168 ||| Stepping ~*~*~tactically~*~*~ (stealth).
  3279 | D:3      | Found a broken altar of Ashenzari.
  3348 | D:3      | 3348 ||| Stepping ~*~*~tactically~*~*~ (stealth).
  3693 | D:3      | 3693 ||| Stepping ~*~*~tactically~*~*~ (hiding).
  3694 | D:3      | 3694 ||| Stepping ~*~*~tactically~*~*~ (hiding).
  3701 | D:3      | 3701 ||| Stepping ~*~*~tactically~*~*~ (hiding).
  3737 | D:3      | Found a snail-covered altar of Cheibriados.
  3763 | D:3      | XOM: stat loss: -2 Dex (7/9)
  3802 | D:3      | XOM: give mutations
  3802 | D:3      | Lost mutation: Armour fits poorly on your strangely shaped
                  | body. [Xom's mischief]
  3802 | D:3      | Gained mutation: Your flesh is cold resistant. (rC+) [Xom's
                  | mischief]
  3802 | D:3      | Gained mutation: You are weak. (Str -2) [Xom's mischief]
  3802 | D:3      | Lost mutation: You passively map a small area around you.
                  | [Xom's mischief]
  3933 | D:3      | Reached skill level 6 in Axes
  4098 | D:3      | 4098 ||| UPGRADING to +0 chain mail.
  4108 | D:3      | 4108 ||| DROPPING +0 scale mail.
  4109 | D:3      | 4109 ||| UPGRADING to +6 ring of strength.
  4110 | D:3      | 4110 ||| READING scroll labelled OGEM KIUTEEBUA.
  4111 | D:3      | 4111 ||| READING scroll labelled TIPOQADES.
  4112 | D:3      | 4112 ||| READING 3 scrolls labelled WOGUDI YNEZXOT.
  4113 | D:3      | 4113 ||| DRINKING 2 glowing clear potions.
  4114 | D:3      | 4114 ||| DROPPING 2 scrolls of magic mapping.
  4115 | D:3      | 4115 ||| DROPPING potion of invisibility.
  4116 | D:3      | 4116 ||| Stepping randomly (stuck).
  4117 | D:3      | 4117 ||| Stepping ~*~*~tactically~*~*~ (cloud).
  4125 | D:3      | HP: 9/37 [poisoned by you (poison gas)]
  4389 | D:4      | Found a sparkling altar of Nemelex Xobeh.
  4430 | D:4      | Reached XP level 5. HP: 42/42 MP: 5/5
  4472 | D:4      | 4472 ||| Stepping ~*~*~tactically~*~*~ (stealth).
  4559 | D:4      | XOM: torment (22/42 hp)
  4727 | D:4      | Found a glowing golden altar of the Shining One.
  4981 | D:4      | XOM: summons 1 hostile shadow creature
  5184 | D:4      | 5184 ||| Stepping ~*~*~tactically~*~*~ (stealth).
  5373 | D:4      | 5373 ||| READING scroll labelled FOUTRI AROTUNT.
  5377 | D:4      | 5377 ||| DRINKING 2 fizzy brown potions.
  5378 | D:4      | 5378 ||| READING 2 scrolls of identify.
  5378 | D:4      | 5378 ||| IDENTIFYING yellow potion
  5379 | D:4      | 5379 ||| DROPPING potion of brilliance.
  5397 | D:5      | Entered Level 5 of the Dungeon
  5408 | D:5      | Noticed an ogre
  5408 | D:5      | Noticed a centaur
  5416 | D:5      | Killed a centaur
  5417 | D:5      | Reached skill level 7 in Axes
  5417 | D:5      | Reached XP level 6. HP: 28/48 MP: 6/6
  5430 | D:5      | HP: 1/48 [ogre/+0 giant club (15)]
  5431 | D:5      | 5431 ||| DRINKING potion of heal wounds.
  5684 | D:5      | Noticed a black bear
  5693 | D:5      | Killed a black bear
  5694 | D:5      | Reached skill level 8 in Axes
  5694 | D:5      | Reached XP level 7. HP: 45/54 MP: 7/7
  5765 | D:5      | 5765 ||| Stepping ~*~*~tactically~*~*~ (stealth).
  5837 | D:5      | Reached skill level 3 in Armour
  5871 | D:5      | XOM: 8-stop teleportation journey
  6919 | D:5      | 6919 ||| READING scroll labelled YVAPTAI RIROU.
  6920 | D:5      | 6920 ||| READING scroll labelled GEUBLIMNOH.
  6921 | D:5      | 6921 ||| DRINKING 2 lumpy ruby potions.
  6998 | D:6      | 6998 ||| Stepping ~*~*~tactically~*~*~ (hiding).
  7049 | D:6      | XOM: summons 5 hostile demons
  7062 | D:6      | 7062 ||| Stepping ~*~*~tactically~*~*~ (hiding).
  7071 | D:6      | 7071 ||| Stepping ~*~*~tactically~*~*~ (hiding).
  7115 | D:6      | Noticed a cyclops
  7116 | D:6      | 7116 ||| Stepping ~*~*~tactically~*~*~ (stealth).
  7117 | D:6      | Noticed a shadow
  7118 | D:6      | 7118 ||| Stepping ~*~*~tactically~*~*~ (stealth).
  7122 | D:6      | XOM: summons 10 hostile demons
  7123 | D:6      | Noticed an ice devil
  7123 | D:6      | Noticed a chaos spawn
  7129 | D:6      | HP: 14/56 [ice devil[Xom] (3)]
  7129 | D:6      | HP: 3/56 [ice devil[Xom] (11)]
  7129 | D:6      | Mangled by a chaos spawn

Levels and vault maps discovered:
D:1:      amcnicky_arrival_feature_with_door, layout_loops_ring, minmay_unequal
D:2:      layout_loops_cross, roderic_roman_lattice, serial_bayou_pond_c
D:3:      layout_loops_ring, kennysheep_slug_shrine, evilmike_ruin_ashenzari,
          guppyfry_early_lair_pool
D:4:      layout_basic, nicolae_tso_carved_into_rock,
          nemelex_xobeh_ov_fountains_minmay
D:5:      minmay_evil_eye, layout_layer_cave
D:6:      hangedman_cross_stitches, layout_loops_ring

Skill      XL: |  1  2  3  4  5  6  7 |
---------------+----------------------+-----
Axes           | 4 5 6 7 8 |  8.1
Fighting       | 4 5 |  5.1
Armour         | 3 |  3.1
Throwing       | 2 |  2.1
Dodging        | |  1.1

Action                   |  1- 3 |  4- 6 |  7- 9 || total
-------------------------+-------+-------+-------++-------
Melee: Hand axe          |   118 |   147 |    61 ||   326
       Punch             |     1 |     1 |     3 ||     5
Throw: Boomerang         |       |     3 |    11 ||    14
       Javelin           |       |       |     1 ||     1
Invok: Renounce Religion |     1 |       |       ||     1
  Use: Scroll            |     4 |     8 |     2 ||    14
       Potion            |       |     4 |     1 ||     5
Armor: Leather armour    |    32 |       |       ||    32
       Scale mail        |     6 |    13 |       ||    19
       Chain mail        |       |    40 |    37 ||    77
Dodge: Dodged            |    53 |    49 |    21 ||   123

Table legend:
 A = Non-vault XP
 B = Vault XP
 C = Vault XP percentage of total XP
 D = Non-vault monster count
 E = Vault monster count
 F = Vault count percentage of total count
                 A         B        C        D         E       F
            +---------+---------+-------+---------+---------+-------
      Total |     692 |     254 |  26.8 |      78 |       5 |   6.0
            +---------+---------+-------+---------+---------+-------
        D:1 |      48 |       2 |   4.0 |      27 |       1 |   3.6
        D:2 |      69 |       0 |   0.0 |      16 |       0 |   0.0
        D:3 |      38 |       4 |   9.5 |      12 |       1 |   7.7
        D:4 |     103 |       0 |   0.0 |      15 |       0 |   0.0
        D:5 |     324 |     248 |  43.4 |       7 |       3 |  30.0
        D:6 |     110 |       0 |   0.0 |       1 |       0 |   0.0
            +---------+---------+-------+---------+---------+-------
